 Dungeon Crawl Stone Soup version 0.17-a0-913-g36eb389 (console) character file.

739 Fusha the Scholar of Death (level 7, -13/66 HPs)
             Began as a Troll Necromancer on May 3, 2015.
             Was a Follower of Kikubaaqudgha.
             Mangled by a crocodile (14 damage)
             ... in a sewer.
             The game lasted 00:18:32 (3819 turns).

Fusha the Scholar of Death (Troll Necromancer)      Turns: 3819, Time: 00:18:48

Health: -13/66     AC:  8    Str: 18    XL:     7   Next: 46%
Magic:  9/9        EV:  9    Int: 12    God:    Kikubaaqudgha [*.....]
Gold:   221        SH:  0    Dex: 10    Spells: 4 memorised, 2 levels left

rFire  + + .     SeeInvis .     (no weapon)
rCold  . . .     Clarity  .     l - +2 robe {rF+}
rNeg   . . .     SustAb   .     (no shield)
rPois  .         Gourm    +     (helmet restricted)
rElec  .         Spirit   .     o - +0 cloak
rCorr  .         Warding  .     (gloves unavailable)
rMut   .         Stasis   .     (boots unavailable)
MR     .....                    (no amulet)
Stlth  +.........               (no ring)
                                m - ring of protection from fire

@: lethally poisoned (-13 -> -14), very heavily drained, not resistant to
hostile enchantments, very unstealthy
A: unfitting armour, claws 3, fast metabolism 3, gourmand, regeneration 2,
shaggy fur 1, tough skin 2
a: Receive Corpses, Renounce Religion


You were in a sewer.
You worshipped Kikubaaqudgha.
Kikubaaqudgha was aware of your devotion.
You were completely stuffed.

You visited 2 branches of the dungeon, and saw 6 of its levels.
You also visited: Sewer.

You collected 221 gold pieces.

Inventory:

Missiles
 d - 7 javelins of returning (quivered)
Armour
 a - a +0 robe
 l - a +2 robe of fire resistance (worn)
 o - a +0 cloak (worn)
Jewellery
 m - a ring of protection from fire (left claw)
Magical devices
 r - a wand of draining (0)
Scrolls
 e - a scroll of noise {unknown}
 f - 5 scrolls of identify {unknown}
 g - 2 scrolls of enchant armour {unknown}
 i - 4 scrolls of magic mapping {unknown}
 j - 4 scrolls of remove curse {unknown}
 s - a scroll of teleportation {unknown}
 v - a scroll of blinking {unknown}
 w - 2 scrolls of recharging {unknown}
 y - a scroll of fear {unknown}
Potions
 k - a potion of cure mutation {unknown}
 n - a potion of poison
 p - 2 potions of agility
 u - a potion of curing {unknown}
 A - a potion of haste {unknown}
Books
 b - a book of Necromancy

   Spells                             Type                      Level
   a - Pain                           Necromancy                   1
   b - Animate Skeleton               Necromancy                   1
   c - Vampiric Draining              Necromancy                   3
   d - Regeneration                   Charms/Necromancy            3
   e - Animate Dead                   Necromancy                   4
   f - Control Undead                 Necromancy                   4
 h - Kikubaaqudgha's Volume of Sinister Rites {god gift}
   (Kikubaaqudgha gifted it to you in a sewer)

   Spells                             Type                      Level
   a - Pain                           Necromancy                   1
   b - Corpse Rot                     Necromancy                   2
   c - Sublimation of Blood           Necromancy                   2
   d - Vampiric Draining              Necromancy                   3
   e - Control Undead                 Necromancy                   4
Comestibles
 c - 5 bread rations
 q - 3 meat rations
 t - 2 beef jerkies
 z - a fruit


   Skills:
 + Level 2.4(0.0) Fighting
 + Level 3.0(0.0) Throwing
 + Level 2.9(0.0) Dodging
 - Level 1.1(0.0) Stealth
 * Level 3.9(0.0) Unarmed Combat
 + Level 2.2(0.0) Spellcasting
 + Level 4.0(0.1) Necromancy


You had 2 spell levels left.
You knew the following spells:

 Your Spells              Type           Power        Failure   Level  Hunger
a - Pain                  Necr           #...         34%         1    ##.....
b - Animate Skeleton      Necr           N/A          34%         1    ##.....
c - Vampiric Draining     Necr           #.........   88%         3    ####...
d - Regeneration          Chrm/Necr      #.........   88%         3    ####...


Dungeon Overview and Level Annotations

Branches:
Dungeon (5/15)             Temple (1/1) D:4

Altars:
Ashenzari
Cheibriados
Dithmenos
Elyvilon
Fedhas
Gozag
Kikubaaqudgha
Makhleb
Nemelex Xobeh
Okawaru
Qazlal
Ru
Sif Muna
Trog
Vehumet
Xom
Yredelemnul
The Shining One

Shops:
D:5 :


Innate Abilities, Weirdness & Mutations

You are too large for most types of armour.
You have claws for hands.
Your metabolism is lightning-fast.
You like to eat raw meat.
You heal very quickly.
You are covered in fur (AC +1).
You have very tough skin (AC +2).


Message History

The bolt of negative energy misses the crocodile.
Evoking this partially-identified wand wasted a few charges.
The crocodile bites you.
* * * LOW HITPOINT WARNING * * *
Evoke which item? (* to show all) (? for menu, Esc to quit)
Zapping:
r - a wand of draining {zapped: 3} (will waste charges)
Press: ? - help, Shift-Dir - straight line, f/p - crocodile
Aim: a crocodile (moderately wounded, bleeding)
The bolt of negative energy misses the crocodile.
Evoking this partially-identified wand wasted a few charges.
The crocodile bites you!
* * * LOW HITPOINT WARNING * * *
Drink which item? (? for menu, Esc to quit)
It was a potion of poison.
That liquid tasted very nasty...
You are lethally poisoned!
* * * LOW HITPOINT WARNING * * *
You feel sick. The crocodile bites you!
You die...
Kikubaaqudgha rasps: "You have failed me!
Welcome... death!"

#########
#)$#.#:/#
%.#≈#≈$#
#≈..#
##@t≈##
#...≈.#
#.≈≈..##
#...#≈..#
#..###≈.##
#.≈≈ #...#
#.≈# ##.≈#
#.. #..# .
#≈.#


You could see a crocodile (bleeding).

Vanquished Creatures
  The ghost of MordorOrchid the Covert, an experienced OpAs of Vehumet (D:5)
  A scorpion (D:4)
  A jelly (D:3)
  A hound (D:4)
  Jessica (D:2)
  3 worker ants
  Natasha (thrice) (D:2)
  A worker ant zombie (D:5)
  4 adders
  An ooze (D:3)
  An adder skeleton (D:4)
  A worm (D:4)
  3 giant geckos
  An orc (D:4)
  4 ball pythons
  8 bats
  7 goblins
  14 hobgoblins
  8 jackals
  19 kobolds
  2 quokkas
  4 giant cockroaches
  A giant gecko skeleton (D:5)
  5 giant newts
  5 rats
100 creatures vanquished.

Notes
Turn   | Place    | Note
--------------------------------------------------------------
     0 | D:1      | Fusha, the Troll Necromancer, began the quest for the Orb.
     0 | D:1      | Reached XP level 1. HP: 16/16 MP: 1/1
    28 | D:1      | Learned a level 1 spell: Animate Skeleton
   132 | D:1      | Reached XP level 2. HP: 26/26 MP: 2/2
   670 | D:2      | Reached skill level 1 in Throwing
   743 | D:2      | Noticed Jessica
   757 | D:2      | Reached XP level 3. HP: 9/32 MP: 4/4
   758 | D:2      | Killed Jessica
   758 | D:2      | Reached skill level 1 in Unarmed Combat
   866 | D:2      | Reached skill level 1 in Fighting
  1138 | D:2      | Noticed Natasha
  1149 | D:2      | Killed Natasha
  1149 | D:2      | Reached XP level 4. HP: 28/41 MP: 5/5
  1611 | D:2      | Noticed Natasha
  1617 | D:2      | Killed Natasha
  1787 | D:2      | Noticed Natasha
  1804 | D:2      | Killed Natasha
  1968 | D:3      | Found a stormy altar of Qazlal.
  2028 | D:3      | Reached XP level 5. HP: 29/48 MP: 6/6
  2435 | D:3      | Learned a level 3 spell: Vampiric Draining
  2788 | D:4      | Found a staircase to the Ecumenical Temple.
  2798 | Temple   | Entered the Ecumenical Temple
  2911 | Temple   | Became a worshipper of Kikubaaqudgha
  3062 | D:4      | Reached XP level 6. HP: 53/57 MP: 7/7
  3083 | D:4      | Learned a level 3 spell: Regeneration
  3391 | D:5      | Entered Level 5 of the Dungeon
  3498 | D:5      | Found Sauntimn's Book Emporium.
  3569 | D:5      | Noticed MordorOrchid's ghost (experienced OpAs)
  3594 | D:5      | Killed MordorOrchid's ghost
  3594 | D:5      | Reached skill level 4 in Necromancy
  3594 | D:5      | Reached XP level 7. HP: 25/66 MP: 9/9
  3709 | D:5      | Found a glowing drain.
  3717 | Sewer    | Entered a sewer
  3727 | Sewer    | Acquired Kikubaaqudgha's first power
  3727 | Sewer    | Received a gift from Kikubaaqudgha
  3758 | Sewer    | Identified Kikubaaqudgha's Volume of Sinister Rites {god gift} (Kikubaaqudgha gifted it to you in a sewer)
  3818 | Sewer    | HP: 1/66 [crocodile (13)]
  3819 | Sewer    | Mangled by a crocodile

Action                   |  1- 3 |  4- 6 |  7- 9 || total
-------------------------+-------+-------+-------++-------
Melee: Unarmed           |   123 |   223 |    46 ||   392
Throw: Javelin           |     2 |     4 |       ||     6
Evoke: Wand              |       |       |     2 ||     2
  Use: Potion            |     1 |     1 |     1 ||     3
 Stab: Sleeping          |       |     1 |       ||     1
  Eat: Chunk             |    15 |    24 |     2 ||    41
